 Dungeon Crawl Stone Soup version 0.13-a0-2519-g3c5fe84 (webtiles) character file.

6810 JogiH the Arsonist (level 10, -5/85 HPs)
             Began as a Djinni Fire Elementalist on July 24, 2013.
             Was a High Priest of Sif Muna.
             Slain by a ghost moth (13 damage)
             ... on Level 10 of the Dungeon.
             The game lasted 01:10:33 (31671 turns).

JogiH the Arsonist (Djinni Fire Elementalist)      Turns: 31671, Time: 01:10:33

HP  -5/85        AC  7     Str 10      XL: 10   Next: 67%
MP   0/0         EV 12     Int 23      God: Sif Muna [*****.]
Gold 381         SH  0     Dex 14      Spells:  8 memorised,  5 levels left

Res.Fire  : + + +   See Invis. : .   P - +0 quarterstaff
Res.Cold  : x . .   Warding    : .   F - +2 robe {MR+}
Life Prot.: + + +   Conserve   : .   (no shield)
Res.Poison: .       Res.Corr.  : .   (no helmet)
Res.Elec. : .       Clarity    : .   z - +0 elf cloak
Sust.Abil.: . .     Spirit.Shd : .   t - +1 pair of orc gloves
Res.Mut.  : .       Stasis     : +   (boots unavailable)
Res.Rott. : .       Flight     : .   w - amulet of stasis
Saprovore : . . .                    m - +5 ring of intelligence
                                     f - +1 ring of dexterity

@: antimagic (expiring), mildly poisoned, quite resistant to hostile
enchantments, fairly stealthy
A: no striking features
a: Channel Energy, Forget Spell, Renounce Religion


You were on level 10 of the Dungeon.
You worshipped Sif Muna.
Sif Muna was extremely pleased with you.
You were not hungry.

You visited 2 branches of the dungeon, and saw 11 of its levels.

You collected 446 gold pieces.
You spent 85 gold pieces at shops.

Inventory:

Hand weapons
 N - a +0,+6 sling
 P - a +0,+0 quarterstaff (weapon)
Armour
 t - a +1 pair of orcish gloves (worn)
 z - a +0 elven cloak (worn)
 F - a +2 robe of magic resistance (worn)
Magical devices
 D - a wand of magic darts (6) {unknown}
 I - a wand of frost (11) {unknown}
 J - a wand of confusion (15) {unknown}
 M - a wand of random effects (17) {unknown}
 O - a wand of digging (11) {unknown}
 T - a wand of polymorph (3) {unknown}
Scrolls
 d - 5 scrolls of remove curse
 e - 4 scrolls of curse jewellery {unknown}
 g - 2 scrolls of curse weapon {unknown}
 k - 2 scrolls of enchant weapon I {unknown}
 l - 7 scrolls of identify
 p - 4 scrolls of fear {unknown}
 u - a scroll of enchant weapon III {unknown}
 y - 3 scrolls of blinking {unknown}
 E - a scroll of enchant weapon II {unknown}
 G - 2 scrolls of recharging {unknown}
 H - 3 scrolls of teleportation {unknown}
 Q - a scroll of curse armour {unknown}
Jewellery
 a - an uncursed ring of protection from fire
 f - a +1 ring of dexterity (left hand)
 m - a +5 ring of intelligence (right hand)
 w - an amulet of stasis (around neck)
 C - an uncursed ring of sustain abilities
 K - a +5 ring of protection {unknown}
 R - an uncursed ring of flight {unknown}
 W - an uncursed amulet of inaccuracy {unknown}
Potions
 c - 6 potions of curing
 h - a potion of cure mutation {unknown}
 i - a potion of restore abilities {unknown}
 j - 5 potions of agility {unknown}
 n - 2 potions of paralysis {unknown}
 o - 2 potions of berserk rage {unknown}
 q - 3 potions of heal wounds
 r - 2 potions of confusion {unknown}
 s - a potion of poison {unknown}
 x - a potion of slowing {unknown}
 B - 2 potions of invisibility {unknown}
 L - 2 potions of speed {unknown}
 S - a potion of might {unknown}
 U - a potion of degeneration {unknown}
 V - a potion of brilliance {unknown}
Books
 b - a book of Flames

   Spells                             Type                      Level
   *Flame Tongue                      Conjuration/Fire             1
   *Throw Flame                       Conjuration/Fire             2
   *Conjure Flame                     Conjuration/Fire             3
   *Inner Flame                       Hexes/Fire                   3
   *Sticky Flame                      Conjuration/Fire             4
   Fireball                           Conjuration/Fire             5
 v - a book of Transfigurations

   Spells                             Type                      Level
   *Stoneskin                         Transmutation/Earth          2
   *Polymorph                         Hexes/Transmutation          4
   Ice Form                           Ice/Transmutation            4
   Statue Form                        Transmutation/Earth          6
   Dragon Form                        Transmutation                7
 A - a book of War Chants

   Spells                             Type                      Level
   Fire Brand                         Charms/Fire                  2
   Freezing Aura                      Charms/Ice                   2
   Shroud of Golubria                 Charms/Translocation         2
   *Repel Missiles                    Charms/Air                   2
   Poison Weapon                      Charms/Poison                3
   Regeneration                       Charms/Necromancy            3


   Skills:
 * Level 3.3 Fighting
 - Level 3.1 Staves
 * Level 2.0 Dodging
 - Level 1.5 Stealth
 + Level 8.6 Spellcasting
 + Level 8.0 Conjurations
 - Level 5.0 Hexes
 - Level 3.0 Charms
 - Level 4.0 Transmutations
 + Level 10.3 Fire Magic
 - Level 2.0 Air Magic
 * Level 4.7 Invocations


You had 5 spell levels left.
You knew the following spells:

 Your Spells              Type           Power        Failure   Level  Hunger
a - Flame Tongue          Conj/Fire      #####        1%          1    None
b - Throw Flame           Conj/Fire      ######       1%          2    None
c - Conjure Flame         Conj/Fire      ######..     1%          3    None
d - Inner Flame           Hex/Fire       #####...     1%          3    None
e - Polymorph             Hex/Trmt       ####....     12%         4    ##.....
f - Repel Missiles        Chrm/Air       ###.......   3%          2    None
g - Stoneskin             Trmt/Erth      ###.......   4%          2    None
h - Sticky Flame          Conj/Fire      ######..     1%          4    ##.....


Dungeon Overview and Level Annotations

Branches:
Dungeon (10/27)            Temple (1/1) D:5             Orc (0/4) D:8
   Lair: D:8-13

Altars:
Ashenzari
Cheibriados
Fedhas
Kikubaaqudgha
Makhleb
Okawaru
Sif Muna
Trog
Vehumet
Xom
Zin
the Shining One

Shops:
D:4: } D:7: ( D:10: +!


Message History

You feel you are being watched by something.
It hits you!
* * * LOW HITPOINT WARNING * * *
It stings you but does no damage.
Casting: Conjure Flame
Confirm with . or Enter, or press ? or * to list all spells.
Aiming: Conjure Flame
Press: ? - help, Dir - move target cursor You fail to access your magic.
You feel you are being watched by something.
It completely misses you. It hits you.
* * * LOW HITPOINT WARNING * * *
It stings you.
* * * LOW HITPOINT WARNING * * *
You are poisoned.
It poisons you! It hits you.
* * * LOW HITPOINT WARNING * * *
It hits you!
You die...

####### #######
....§§§ #.......
≈≈≈§≈≈≈.######
#........
≈§≈§≈≈≈.'§...#
#........
§≈§§§§§.####.#
#........ ≈§≈≈≈≈§
###.######........#
§§§≈≈≈.
#......@.'........#
≈≈≈§≈≈.
#.########........#
§≈≈≈§. #.
#........# ≈≈≈≈. #
##'####### ≈≈§.
#.#...... .
########.#....... .
...........# ..
####.###.#.# ...
#.#.# #...


There were no monsters in sight!

Vanquished Creatures
  Pikel (D:9)
  3 trolls
  Prince Ribbit (D:8)
  Grum (D:9)
  3 wolves (D:9)
  Menkaure (D:6)
  3 orc warriors
  8 ogres
  A sky beast (D:6)
  2 slaves (D:9)
  A phantom (D:9)
  Duvessa (D:9)
  4 centaurs
  A water moccasin (D:9)
  5 giant frogs
  6 wights
  8 killer bees
  5 goliath beetles
  Dowan (D:9)
  9 hounds
  A quasit (D:6)
  6 orc priests
  3 iguanas
  6 orc wizards
  7 scorpions
  6 worker ants
  2 jellies
  Jessica (D:3)
  A hound zombie (D:5)
  4 gnolls
  11 adders
  2 giant centipedes (D:9)
  6 worms
  An ufetubus (D:8)
  A scorpion zombie (D:10)
  2 giant eyeballs
  10 giant geckos
  2 oozes
  26 orcs
  2 ball pythons
  17 bats
  2 bat skeletons
  8 giant cockroaches
  18 hobgoblins
  14 jackals
  2 quokkas
  6 giant newts
  A giant spore (D:7)
  14 goblins
  A goblin skeleton (D:4)
  25 kobolds
  An orc skeleton (D:4)
  18 rats
  A rat skeleton (D:6)
  12 ballistomycetes
305 creatures vanquished.

Vanquished Creatures (others)
  A slave (D:9)
  A hound (D:9)
  3 orcs
  2 jackals (D:8)
  3 giant spores (D:9)
  A rat (D:9)
11 creatures vanquished.

Grand Total: 316 creatures vanquished

Notes
Turn   | Place    | Note
--------------------------------------------------------------
     0 | D:1      | JogiH, the Djinni Fire Elementalist, began the quest for the Orb.
     0 | D:1      | Reached XP level 1. HP: 14/14 MP: 0/0
   455 | D:1      | Reached XP level 2. EP: 19/21
   459 | D:1      | Learned a level 2 spell: Throw Flame
  1266 | D:1      | Reached XP level 3. EP: 17/27
  1335 | D:1      | Learned a level 3 spell: Conjure Flame
  4177 | D:1      | Reached skill level 5 in Fire Magic
  7309 | D:1      | Noticed a dragon
  7560 | D:2      | Reached XP level 4. EP: 24/35
  9562 | D:1      | Noticed a blink frog zombie
 10356 | D:2      | Reached skill level 1 in Fighting
 10617 | D:2      | Found a burning altar of Makhleb.
 12539 | D:3      | Noticed Jessica
 12544 | D:3      | Killed Jessica
 12881 | D:3      | Reached XP level 5. EP: 34/41
 12939 | D:3      | Learned a level 3 spell: Inner Flame
 13205 | D:3      | Found a blossoming altar of Fedhas.
 13205 | D:3      | Found a radiant altar of Vehumet.
 14733 | D:4      | Reached XP level 6. EP: 29/50
 14895 | D:4      | Found Zaral's Gadget Shoppe.
 15274 | D:5      | Entered Level 5 of the Dungeon
 15362 | D:4      | Reached skill level 6 in Fire Magic
 18938 | D:4      | Learned a level 4 spell: Polymorph
 18988 | D:5      | Reached XP level 7. EP: 48/58
 19037 | D:5      | Found a staircase to the Ecumenical Temple.
 19047 | Temple   | Entered the Ecumenical Temple
 19073 | Temple   | Became a worshipper of Sif Muna the Loreminder
 19329 | D:5      | Reached skill level 5 in Spellcasting
 19451 | D:5      | Reached skill level 1 in Hexes
 19699 | D:5      | Reached skill level 7 in Fire Magic
 20154 | D:6      | Noticed Menkaure
 20158 | D:6      | Killed Menkaure
 20158 | D:6      | Acquired Sif Muna's first power
 20158 | D:6      | Reached skill level 5 in Conjurations
 20631 | D:5      | Reached XP level 8. EP: 48/67
 20886 | D:5      | Reached skill level 1 in Transmutations
 21043 | D:5      | Reached skill level 8 in Fire Magic
 21425 | D:6      | Found a shimmering altar of Xom.
 22078 | D:6      | Acquired Sif Muna's second power
 22638 | D:7      | Reached skill level 1 in Invocations
 22880 | D:7      | Found a bloodstained altar of Trog.
 22891 | D:7      | Found a glowing golden altar of the Shining One.
 23566 | D:7      | Reached XP level 9. EP: 42/74
 23794 | D:7      | Found Grobb's Weapon Emporium.
 23810 | D:7      | Learned a level 2 spell: Repel Missiles
 23812 | D:8      | Noticed Prince Ribbit
 23985 | D:7      | Reached skill level 9 in Fire Magic
 24607 | D:7      | Bought a +0,+0 quarterstaff for 40 gold pieces
 24666 | D:7      | Found an iron altar of Okawaru.
 25039 | D:8      | Killed Prince Ribbit
 25246 | D:8      | Found a staircase to the Orcish Mines.
 25267 | D:8      | Reached skill level 1 in Staves
 25628 | D:8      | Found a glowing silver altar of Zin.
 26235 | D:8      | Reached skill level 5 in Hexes
 26468 | D:8      | Reached skill level 1 in Charms
 27399 | D:9      | Noticed Duvessa
 27411 | D:9      | Killed Duvessa
 27411 | D:9      | Reached skill level 1 in Air Magic
 27600 | D:9      | Noticed Dowan
 27604 | D:9      | Killed Dowan
 27833 | D:9      | Learned a level 2 spell: Stoneskin
 27838 | D:9      | Learned a level 4 spell: Sticky Flame
 27944 | D:9      | Noticed Grum
 28113 | D:9      | Killed Grum
 28113 | D:9      | Acquired Sif Muna's third power
 28113 | D:9      | Reached XP level 10. EP: 36/83
 29476 | D:9      | Noticed Pikel
 29489 | D:9      | Killed Pikel
 29489 | D:9      | Reached skill level 10 in Fire Magic
 29716 | D:9      | Found a shattered altar of Ashenzari.
 30866 | D:10     | Entered Level 10 of the Dungeon
 31188 | D:10     | Found Ghaofeps' Distillery.
 31346 | D:10     | Bought a potion of heal wounds for 45 gold pieces
 31392 | D:10     | Found Qumeschu Feol's Book Emporium.
 31403 | D:10     | Noticed a salamander
 31656 | D:10     | a salamander changed into something unseen
 31671 | D:10     | Slain by a ghost moth

Action                   |  1- 3 |  4- 6 |  7- 9 | 10-12 || total
-------------------------+-------+-------+-------+-------++-------
Melee: Unarmed           |       |       |    60 |       ||    60
       Quarterstaff      |       |       |       |    69 ||    69
 Cast: Flame Tongue      |    26 |    82 |   239 |   105 ||   452
       Throw Flame       |    54 |    85 |   182 |    46 ||   367
       Conjure Flame     |       |     3 |    42 |    33 ||    78
       Polymorph         |       |       |     3 |     3 ||     6
       Inner Flame       |       |       |     4 |     2 ||     6
       Repel Missiles    |       |       |     2 |     1 ||     3
Invok: Channel Energy    |       |       |    32 |    22 ||    54
  Use: Scroll            |       |       |     4 |       ||     4
       Potion            |       |       |     2 |     2 ||     4
